 Dungeon Crawl Stone Soup version 0.31-a0-435-g2c6fae2916 (webtiles) character file.

Game seed: 16598240256223559714

1415 lunkers the Martial Artist (level 9, -4/61 (64) HPs)
             Began as a Meteoran Shapeshifter on Aug 1, 2023.
             Was a Follower of Ru.
             Slain by an orc
             ... wielding a +0 trident
              (5 damage)
             ... on level 8 of the Dungeon.
             The game lasted 00:07:07 (2994 turns).

lunkers the Martial Artist (Meteoran Shapeshifter)  Turns: 2994, Time: 00:07:08

HP:   -4/61 (64)    AC:  5    Str: 18      XL:     9   Next: 22%
MP:   10/10         EV: 11    Int: 10      God:    Ru [*.....]
Gold: 1325          SH:  0    Dex: 15 (18) Spells: 8/8 levels left

rFire   + .          .
                       - Unarmed
rCold   . . .        (no shield)
rNeg    . . .        f - +0 ring mail
rPois   .            (helmet currently unavailable)
rElec   .            (cloak currently unavailable)
rCorr   .            (gloves currently unavailable)
SInv    +            (boots currently unavailable)
Will    +++..        g - amulet of Vaptef {Acrobat rF+ rC- Will++ Regen+}
Stlth   +            e - ring of protection from cold
HPRegen 1.10/turn    l - ring of see invisible
MPRegen 0.12/turn

%: acrobat
@: beast-form, glowing, lightly drained, unable to drink
A: beast (slay +4), sense surroundings 2, inability to drink after injury 2,
otherworldly, glowing, explore regen
a: Begin Untransformation, Renounce Religion


You were on level 8 of the Dungeon.
You worshipped Ru.
Ru was aware of your devotion.
You were a hulking beast.
You visited 1 branch of the dungeon, and saw 8 of its levels.

You collected 1325 gold pieces.

Inventory:

Armour
 a - a +0 animal skin
 b - a +1 animal skin
 f - a +0 ring mail (worn)
 o - a +0 pair of boots
Jewellery
 e - a ring of protection from cold (left hand)
 g - the amulet of Vaptef (around neck) {Acrobat rF+ rC- Will++ Regen+}
   (You acquired it on level 4 of the Dungeon)

   [amulet of the acrobat]

   It increases your evasion while moving and waiting.
   rF:        It protects you from fire.
   rC:        It makes you vulnerable to cold.
   Regen:     It increases your rate of health regeneration.
   Will:      It greatly increases your willpower.
 l - a ring of see invisible (right hand)
 q - a ring of positive energy
 u - an amulet of regeneration
Talismans
 c - a beast talisman (active)
Scrolls
 k - 3 scrolls of immolation
 m - a scroll of teleportation {unknown}
 r - a scroll of noise {unknown}
 s - a scroll of revelation
 t - a scroll of fog {unknown}
 y - a scroll of vulnerability {unknown}
Potions
 d - 2 potions of cancellation
 h - a potion of enlightenment
 i - a potion of heal wounds {unknown}
 j - a potion of resistance {unknown}
 n - a potion of ambrosia {unknown}
 p - a potion of brilliance {unknown}
 v - a potion of berserk rage {unknown}
 w - 2 potions of lignification
 x - a potion of haste {unknown}


   Skills:
 - Level 1.1 Fighting
 - Level 2.4 Dodging
 * Level 10.8 Unarmed Combat
 + Level 7.1 Shapeshifting


You had 8 spell levels left.
You didn't know any spells.
Your spell library contained the following spells:

 Spells                   Type           Power      Damage    Failure   Level
 Ozocubu's Armour         Ice            0%         N/A       90%         3
 Leda's Liquefaction      Hex/Erth       0%         N/A       100%        4
 Lee's Rapid Deconstruct  Erth           0%         3d4*      100%        5
 Metabolic Englaciation   Hex/Ice        0%         N/A       100%        5
 Leda's Unmaking          Conj/Erth      0%         9d1       100%        6
 Simulacrum               Ice/Necr       0%         N/A       100%        6


Dungeon Overview and Level Annotations

Branches:
Dungeon (9/15) Zot: 1838   Temple (0/1) D:5
   Lair: D:8-11         Orc: D:9-12

Altars:
Ru
Yredelemnul

Shops:
D:2 ?


Innate Abilities, Weirdness & Mutations

You are a hulking beast.
Your limbs bulge with bestial killing power. (Slay +4)
You passively map the area around you.
You sometimes lose the ability to drink potions when taking damage.
You are easily found by Zot.
You glow in the dark.
You regain HP and MP as you explore.


Message History

The wight hits you with a +0 hand axe!
* * * LOW HITPOINT WARNING * * *
The orc closely misses you.
The orc wizard hits you but does no damage.
The orc closely misses you.
You feel your dexterity returning.
Your life force feels restored.
Unknown command.
You hit the wight.
The wight is severely damaged.
The orc hits you with a +0 short sword.
* * * LOW HITPOINT WARNING * * *
The wight hits you with a +0 hand axe.
* * * LOW HITPOINT WARNING * * *
You feel drained.
The orc wizard begins to cast a spell, but is stunned by your conviction!
The orc misses you.
Unknown command.
You barely miss the wight.
The wight is severely damaged.
Unknown command.
Unknown command.
You closely miss the wight.
The wight is severely damaged.
The wight hits you with a +0 hand axe!
* * * LOW HITPOINT WARNING * * *
You feel drained.
* * * LOW HITPOINT WARNING * * *
The orc wizard begins to cast a spell, but is stunned by your conviction!
The orc hits you with a +0 short sword.
* * * LOW HITPOINT WARNING * * *
The orc closely misses you.
You barely miss the wight.
The wight is severely damaged.
The wight hits you with a +0 hand axe.
* * * LOW HITPOINT WARNING * * *
The orc wizard hits you with a +0 dagger.
* * * LOW HITPOINT WARNING * * *
The orc completely misses you.
The orc hits you from afar with a +0 trident.
You die...

*, , , .#.#.. * *
* ,,, , * ...... ,
, ,, , * #o#..## ,
* * , ,.....## ***
* * *.#.#.#..#####
* , * ,
............## * ,
.#.*,*##o.$..).# *
, *
.....##.o#.....# *
,
......zho##..#.###
, , ,
......)###.......#
* * , ,..##...
###..#..... * ,
*#.## #..#########
, , ... ,
*##...####...## ,
##.
.#.#.............
,,, #,,
.........####....#
, ** ##.##..###
###### , # #..#


You could see a wight, an orc wizard and 2 orcs.

Vanquished Creatures
  A chaos spawn (D:9)
  An acid dragon (D:9)
  A water moccasin (D:5)
  A black bear (D:5)
  2 centaurs
  A kobold brigand (D:6)
  3 bullfrogs
  2 wights (D:8)
  A quasit (D:9)
  A jelly (D:3)
  A hound (D:3)
  A sleepcap (D:6)
  3 iguanas
  Natasha (thrice) (D:3)
  Robin (D:3)
  7 adders
  A shadow imp (D:6)
  An ufetubus (D:6)
  2 worms
  4 dart slugs
  An orc (D:4)
  9 ball pythons
  12 bats
  4 endoplasms
  4 giant cockroaches
  23 goblins
  11 hobgoblins
  12 kobolds
  5 quokkas
  2 frilled lizards
  9 rats
  A spectral orc (D:4)
131 creatures vanquished.

Vanquished Creatures (others)
  A kobold (D:6)
1 creature vanquished.

Grand Total: 132 creatures vanquished

Notes
Turn   | Place    | Note
-------+----------+-------------------------------------------
     0 | D:1      | lunkers the Meteoran Shapeshifter began the quest for the
                  | Orb.
     0 | D:1      | Reached XP level 1. HP: 16/16 MP: 2/2
    71 | D:1      | Reached skill level 4 in Unarmed Combat
    71 | D:1      | Reached XP level 2. HP: 12/23 MP: 3/3
   113 | D:1      | Found a faded altar of an unknown god.
   142 | D:1      | Reached XP level 3. HP: 22/28 MP: 4/4
   348 | D:1      | Reached XP level 4. HP: 34/35 MP: 5/5
   457 | D:2      | Reached skill level 5 in Unarmed Combat
   885 | D:2      | Found Azxuurph's Magic Scroll Boutique.
   942 | D:3      | Identified the -2 helmet of Freedom {Str+4 Slay-4 SInv}
   942 | D:3      | Noticed Robin
   962 | D:3      | Reached XP level 5. HP: 22/40 MP: 6/6
   977 | D:3      | Killed Robin
   986 | D:3      | HP: 2/60 [goblin/+0 club[Robin] (5)]
  1039 | D:3      | Found a sacrificial altar of Ru.
  1096 | D:3      | Became a worshipper of Ru the Awakened
  1118 | D:3      | Reached skill level 6 in Unarmed Combat
  1225 | D:3      | Noticed Natasha
  1234 | D:3      | Killed Natasha
  1235 | D:3      | Reached XP level 6. HP: 25/47 MP: 7/7
  1291 | D:3      | Noticed Natasha
  1296 | D:3      | Killed Natasha
  1297 | D:3      | Reached skill level 5 in Shapeshifting
  1430 | D:3      | Noticed Natasha
  1434 | D:3      | Killed Natasha
  1470 | D:4      | Identified 2 scrolls of acquirement
  1470 | D:4      | Acquired the amulet of Vaptef {Acrobat rF+ rC- Will++
                  | Regen+}
  1477 | D:4      | Acquired 1051 gold pieces
  1663 | D:4      | Reached skill level 7 in Unarmed Combat
  1858 | D:4      | Reached XP level 7. HP: 48/52 MP: 8/8
  2029 | D:4      | Found a basalt altar of Yredelemnul.
  2089 | D:5      | Entered Level 5 of the Dungeon
  2163 | D:5      | Gained mutation: You occasionally lose the ability to drink
                  | potions when taking damage. [Ru sacrifice]
  2163 | D:5      | Gained mutation: You sometimes lose the ability to drink
                  | potions when taking damage. [Ru sacrifice]
  2163 | D:5      | Reached * piety under Ru
  2200 | D:5      | Noticed a water moccasin
  2213 | D:5      | Killed a water moccasin
  2214 | D:5      | Reached skill level 8 in Unarmed Combat
  2265 | D:5      | Reached XP level 8. HP: 43/59 MP: 9/9
  2534 | D:5      | Found a staircase to the Ecumenical Temple.
  2735 | D:6      | Reached skill level 9 in Unarmed Combat
  2895 | D:6      | You fall into a shaft and drop 3 floors!
  2908 | D:9      | Noticed a chaos spawn
  2915 | D:9      | Killed a chaos spawn
  2920 | D:9      | Reached skill level 10 in Unarmed Combat
  2931 | D:9      | Gained mutation: You passively map the area around you.
                  | [Meteoran growth]
  2931 | D:9      | Reached XP level 9. HP: 14/64 MP: 10/10
  2994 | D:8      | HP: 1/61 [orc wizard/+0 dagger (3)]
  2994 | D:8      | Slain by an orc

Illustrated notes

Levels and vault maps discovered:
D:1:      minmay_arrival_stair_chambers, layout_basic,
          shapermc_ecumenical_altar_mp_highgroup, minmay_ruptured
D:2:      layout_loops_cross, serial_shops, shop, shop_statue
D:3:      layout_loops_ring, overflow_temple_1_default, uniq_robin, uniq_natasha
D:4:      layout_loops_corners, yredelemnul_forgotten_temple_becter,
          minmay_box_of_dots
D:5:      layout_loops_corners, temple_statues
D:6:      layout_loops_cross, nicolae_elyvilon_temple_path, serial_shops,
          nicolae_shop_tiny_statue_garden, st_stairs_2, uniq_crazy_yiuf_cottage
D:8:      layout_layer_cave, lair_entry_dummy, nicolae_elemental_shop,
          st_stairs_11
D:9:      wander_kiku_kobolds, layout_irregular_city, mainiacjoe_overflow_paths,
          nicolae_kikubaaqudgha_miasma_corner, mainiacjoe_overflow_chevrons,
          nemelex_xobeh_ov_fountains_minmay, mainiacjoe_overflow_divided_tiny,
          orc_0_dummy, serial_demonic, serial_demonic_c, serial_demonic_f,
          serial_demonic_e, serial_demonic_f, serial_demonic_e,
          serial_demonic_c, serial_demonic_d, serial_demonic_d, uniq_grum

Skill      XL: |  1  2  3  4  5  6  7  8  9 |
---------------+----------------------------+-----
Unarmed Combat | 4 5 6 7 8 10 | 10.8
Shapeshifting  | 4 5 6 7 |  7.1
Fighting       | |  1.1
Dodging        | |  2.4

Action                     |  1- 3 |  4- 6 |  7- 9 || total
---------------------------+-------+-------+-------++-------
  Melee: Unarmed           |    67 |   140 |   128 ||   335
         Punch             |     1 |     2 |     9 ||    12
 Invoke: Sacrifice Drink   |       |       |     1 ||     1
    Use: Potion            |       |     2 |       ||     2
         Scroll            |       |     7 |     1 ||     8
   Stab: Distracted        |       |       |     1 ||     1
 Armour: Animal skin       |    14 |       |       ||    14
         Ring mail         |    19 |    23 |    40 ||    82
         Skin              |       |     4 |       ||     4
  Dodge: Dodged            |    25 |    74 |    76 ||   175

Table legend: (Time is in decaauts)
 A = Elapsed time spent in this place.
 B = Non-inter-level travel time spent in this place.
 C = Inter-level travel time spent in this place.
 D = Time resting spent in this place.
 E = Time spent auto-exploring this place.
 F = Levels seen in this place.
 G = Mean time per level.
                   A        B        C        D        E       F      G
               +--------+--------+--------+--------+--------+-----+--------+
         Total |   2960 |   2768 |    192 |    112 |   1835 |   8 |  370.0 |
       Dungeon |   2960 |   2768 |    192 |    112 |   1835 |   8 |  370.0 |
               +--------+--------+--------+--------+--------+-----+--------+

Top non-repeatable levels by time:
     D:4: 614 daAuts
     D:2: 584 daAuts
     D:5: 553 daAuts
     D:3: 528 daAuts
     D:1: 345 daAuts
     D:6: 243 daAuts
     D:9: 59 daAuts
     D:8: 31 daAuts
